 Dungeon Crawl Stone Soup version 0.32-a0-391-gce5c0aab1b (webtiles) character file.

Game seed: 1653522862073761162

1622501 juan097 the Impregnable (level 26, 250/250 HPs)
             Began as a Mountain Dwarf Fire Elementalist on Feb 18, 2024.
             Was the Champion of Vehumet.
             Escaped with the Orb
             ... and 3 runes on Feb 19, 2024!
             The game lasted 04:49:14 (73766 turns).

juan097 the Impregnable (MDFE)                     Turns: 73766, Time: 04:49:14

Health: 250/250    AC: 42    Str: 19    XL:     26   Next: 46%
Magic:  61/61      EV: 11    Int: 35    God:    Vehumet [******]
Gold:   7034       SH:  0    Dex: 12    Spells: 15/57 levels left

rFire   + . .        a - +9 hand axe of Sol Rohe {venom, *Noise +Blink MP+9 Int+2}
rCold   + + .        D - crystal ball of Wucad Mu {*channel}
rNeg    + + .        R - +10 plate armour of the Elven Halls {rC+ Regen+}
rPois   +            (helmet restricted)
rElec   +            i - +2 cloak {rCorr}
rCorr   +            k - +2 pair of gloves of the Gloaming {Int+3}
SInv    .            o - +2 pair of boots "Paet" {Str+3}
Will    +++..        d - macabre finger necklace {Finger+ rN+} Stlth
                     e - ring of Curiosity {rPois rC+}
HPRegen 1.41/turn    m - ring "Eblakair" {rN+ MP+9 Str+2 Int+5, =R}
MPRegen 0.37/turn    W - ring of Beogh's Hatred {rElec rF+ Will+ Dex+2, =R}

%: channel magic (40%)
@: studying Short Blades
A: runic magic, artefact enchanting, beak, mutation resistance 1
0: Orb of Zot
}: 3/15 runes: decaying, serpentine, silver
a: Renounce Religion, Evoke Blink


You escaped.
You worshipped Vehumet.
Vehumet was exalted by your worship.
You visited 10 branches of the dungeon, and saw 48 of its levels.
You visited 2 bazaars.
You also visited: Sewer, Bailey and Ice Cave.

You collected 13305 gold pieces.
You spent 6271 gold pieces at shops.

Inventory:

Hand Weapons
 a - the +9 hand axe of Sol Rohe (weapon) {venom, *Noise +Blink MP+9 Int+2}
   (You found it on level 2 of the Dungeon)

   Int+2:     It affects your intelligence (+2).
   MP+9:      It affects your magic capacity (+9).
   +Blink:    It lets you blink.
   *Noise:    It may make a loud noise when swung.
Missiles
 q - 8 throwing nets
Armour
 i - a +2 cloak of preservation (worn)
 k - the +2 pair of gloves of the Gloaming (worn) {Int+3}
   (You bought it in a shop in a bazaar)

   Int+3:     It affects your intelligence (+3).
 o - the +2 pair of boots "Paet" (worn) {Str+3}
   (You bought it in a shop in a bazaar)

   Str+3:     It affects your strength (+3).
 x - a +2 helmet of see invisible
 D - the crystal ball of Wucad Mu (worn) {*channel}
   (You found it on level 3 of the Lair of Beasts)

   *Channel:  It often returns the magic spent to cast spells, but lowers their
   success rate.
   It always returns the magic spent on miscasts.
 R - the +10 plate armour of the Elven Halls (worn) {rC+ Regen+}
   (You took it off a deep elf high priest on level 2 of the Vaults)

   rC+:       It protects you from cold.
   Regen+:    It increases your rate of health regeneration.
Magical Staves
 b - a staff of fire
Jewellery
 d - the macabre finger necklace (around neck) {Finger+ rN+}
   (You bought it in a shop on level 2 of the Snake Pit)

   [amulet of nothing]

   Finger+:   It enables you to equip an extra ring.
   rN+:       It protects you from negative energy.
 e - the ring of Curiosity (left hand) {rPois rC+}
   (You took it off a deep elf annihilator on level 3 of the Elven Halls)

   [ring of protection from cold]

   rC+:       It protects you from cold.
   rPois:     It protects you from poison
 m - the ring "Eblakair" (right hand) {rN+ MP+9 Str+2 Int+5, =R}
   (You bought it in a shop in a bazaar)

   [ring of positive energy]

   Str+2:     It affects your strength (+2).
   Int+5:     It affects your intelligence (+5).
   rN+:       It protects you from negative energy.
   MP+9:      It affects your magic capacity (+9).
 n - a ring of fire
 B - a ring of flight
 F - a ring of willpower
 W - the ring of Beogh's Hatred (on amulet) {rElec rF+ Will+ Dex+2, =R}
   (You bought it in a shop on level 2 of the Snake Pit)

   [ring of protection from fire]

   Dex+2:     It affects your dexterity (+2).
   rF+:       It protects you from fire.
   rElec:     It insulates you from electricity.
   Will+:     It increases your willpower.
Wands
 r - a wand of digging (14)
 N - a wand of quicksilver (9)
 P - a wand of iceblast (49)
Scrolls
 c - 16 scrolls of teleportation
 f - 4 scrolls of revelation
 l - 8 scrolls of blinking
 y - a scroll of enchant armour
 z - 3 scrolls of vulnerability
 A - 14 scrolls of amnesia
 C - 6 scrolls of fear
 G - 10 scrolls of fog
 J - 5 scrolls of summoning
 K - a scroll of torment
 L - 4 scrolls of silence
 Q - 14 scrolls of enchant weapon
 S - 5 scrolls of immolation
 Z - 6 scrolls of poison
Potions
 g - a potion of berserk rage
 h - 22 potions of curing
 j - 4 potions of ambrosia
 p - 2 potions of magic
 s - a potion of brilliance
 t - 15 potions of mutation
 u - 2 potions of haste
 v - 7 potions of resistance
 w - 8 potions of might
 H - 4 potions of lignification
 I - 9 potions of attraction
 M - 9 potions of invisibility
 O - 10 potions of heal wounds
 T - 3 potions of enlightenment
 U - 5 potions of cancellation
Miscellaneous
 E - a lightning rod (4/4)
 V - a tin of tremorstones (2/2)
 X - a box of beasts
 Y - a phantom mirror


   Skills:
 - Level 23.0 Fighting
 - Level 12.0 Axes
 - Level 6.0 Throwing
 - Level 23.0 Armour
 + Level 9.9 Dodging
 - Level 6.0 Stealth
 - Level 16.0 Spellcasting
 - Level 12.0 Conjurations
 - Level 5.0 Hexes
 - Level 8.0 Necromancy
 - Level 4.0 Translocations
 - Level 23.0 Fire Magic
 - Level 16.0 Earth Magic
 - Level 12.0 Evocations


You had 15 spell levels left.
You knew the following spells:

 Your Spells              Type           Power      Damage    Failure   Level
a - Ignition              Fire           56%        3d15      1%          8
b - Scorch                Fire           100%       2d9       1%          2
c - Inner Flame           Hex/Fire       90%        N/A       1%          3
d - Lee's Rapid Deconstr  Erth           48%        3d23*     1%          5
e - Stone Arrow           Conj/Erth      100%       3d13      1%          3
f - Flame Wave            Conj/Fire      100%       2d21      1%          4
g - Bombard               Conj/Erth      45%        9d8       1%          6
h - Starburst             Conj/Fire      50%        6d14      1%          6
i - Borgnjor's Vile Clut  Necr/Erth      42%        N/A       3%          5

Your spell library contained the following spells:

 Spells                   Type           Power      Damage    Failure   Level
 Lehudib's Crystal Spear  Conj/Erth      45%        10d11     21%         8
 Foxfire                  Conj/Fire      100%       2x1d9     1%          1
 Magic Dart               Conj           100%       1d8       1%          1
 Necrotise                Necr           100%       1d9       1%          1
 Shock                    Conj/Air       100%       1d9       1%          1
 Sting                    Conj/Alch      100%       1d9       1%          1
 Momentum Strike          Conj/Tloc      100%       3d10      1%          2
 Searing Ray              Conj           100%       2d8       1%          2
 Static Discharge         Conj/Air       100%       3-8/arc   1%          2
 Sublimation of Blood     Necr           71%        N/A       1%          2
 Dazzling Flash           Conj/Hex       100%       N/A       1%          3
 Hailstorm                Conj/Ice       63%        3d12      1%          3
 Mephitic Cloud           Conj/Alch/Air  54%        N/A       1%          3
 Volatile Blastmotes      Fire/Tloc      100%       2d18      1%          3
 Freeze                   Ice            100%       1d10      2%          1
 Fugue of the Fallen      Necr           71%        N/A       2%          3
 Vampiric Draining        Necr           71%        2d11      2%          3
 Fulminant Prism          Conj/Alch      31%        3d16      2%          4
 Summon Blazeheart Golem  Fire/Summ      83%        N/A       2%          4
 Plasma Beam              Fire/Air       41%        2x1d55    2%          6
 Blink                    Tloc           100%       N/A       4%          2
 Lesser Beckoning         Tloc           100%       N/A       4%          2
 Animate Armour           Summ/Erth      100%       N/A       4%          4
 Animate Dead             Necr           71%        N/A       4%          4
 Dispel Undead            Necr           71%        3d24      4%          4
 Petrify                  Alch/Erth      71%        N/A       4%          4
 Arcjolt                  Conj/Air       31%        1d41      4%          5
 Irradiate                Conj/Alch      31%        3d22      4%          5
 Cigotuvi's Dreadful Rot  Necr/Alch/Air  92%        N/A       5%          2
 Ensorcelled Hibernation  Hex/Ice        90%        N/A       5%          2
 Gell's Gravitas          Tloc           54%        N/A       6%          3
 Teleport Other           Tloc           54%        N/A       6%          3
 Anguish                  Hex/Necr       32%        N/A       6%          4
 Summon Small Mammal      Summ           100%       N/A       8%          1
 Curse of Agony           Necr           71%        N/A       9%          5
 Call Imp                 Summ           56%        N/A       11%         2
 Dimensional Bullseye     Hex/Tloc       28%        N/A       11%         4
 Airstrike                Air            14%        2d(2-18)  12%         4
 Olgreb's Toxic Radiance  Alch           28%        N/A       12%         4
 Martyr's Knell           Necr/Summ      54%        N/A       13%         4
 Conjure Ball Lightning   Conj/Air       31%        3x3d10    14%         6
 Call Canine Familiar     Summ           28%        N/A       17%         3
 Summon Ice Beast         Ice/Summ       28%        N/A       17%         3
 Swiftness                Air            28%        N/A       17%         3
 Vhi's Electric Charge    Tloc/Air       84%        N/A       22%         4
 Death Channel            Necr           35%        N/A       28%         6
 Summon Lightning Spire   Summ/Air       28%        N/A       41%         4
 Silence                  Hex/Air        22%        N/A       41%         5
 Summon Mana Viper        Hex/Summ       45%        N/A       41%         5
 Dispersal                Tloc           27%        N/A       73%         6
 Sculpt Simulacrum        Ice/Alch       14%        N/A       99%         6
 Ozocubu's Refrigeration  Ice            14%        4d10      99%         7
 Monstrous Menagerie      Summ           14%        N/A       100%        7
 Summon Hydra             Summ           14%        N/A       100%        7
 Discord                  Hex            29%        N/A       100%        8
 Disjunction              Tloc           27%        N/A       100%        8
 Maxwell's Capacitive Co  Air            14%        ∞         100%        8
 Polar Vortex             Ice            14%        12d1*     100%        9


Dungeon Overview and Level Annotations

Branches:
Dungeon (15/15)            Temple (1/1) D:5            Lair (5/5) D:8
  Swamp (4/4) Lair:2        Snake (4/4) Lair:2        Slime (0/5) Lair:5
    Orc (2/2) D:9             Elf (3/3) Orc:2        Vaults (5/5) D:14
  Crypt (0/3) Vaults:2     Depths (4/4) D:15            Zot (5/5) Depths:4
  Sewer (visited)          Bailey (visited)           IceCv (visited)

Altars:
Ashenzari
Cheibriados
Dithmenos
Elyvilon
Fedhas
Gozag
Hepliaklqana
Kikubaaqudgha
Makhleb
Nemelex Xobeh
Okawaru
Qazlal
Ru
Sif Muna
Trog
Uskayaw
Vehumet
Wu Jian
Xom
Yredelemnul
Zin
The Shining One
Beogh
Jiyva

Shops:
D:10 *   D:15 (   Orc:1 ?   Orc:2 =((*[   Snake:1 *=(   Snake:2 :=:
Snake:3 [*(   Vaults:2 [   Depths:1 ?

Portals:
Hell: Depths:1 Depths:2 Depths:4
Pandemonium: Depths:1 Depths:2
Ziggurat: Depths:2

Annotations:
D:12 exclusion: orange crystal statue
D:15 exclusion: 2 statues
Lair:5 1 runed translucent door, Zonian's ghost, journeyman FeSu
Elf:2 3 runed translucent doors
Elf:3 3 runed translucent doors, Dodessio's ghost, adept DsGl; Umpaher's ghost, adept DsGl
Vaults:3 Mennas
Depths:1 2 transporters, Ylige's ghost, adept MDFi


Innate Abilities, Weirdness & Mutations

Your spellcasting is much less encumbered by armour.
You can use scrolls of enchantment on lesser artefacts.
You have a beak for a mouth.
You are somewhat resistant to further mutation.


Message History

What level of the Dungeon? (default 1, ? - help)
There is a stone staircase leading up here.
You climb upwards.
There is a stone staircase leading down here.
You see here a +0 robe.
There is a stone staircase leading up here.
You climb upwards.
There is a stone staircase leading down here.
There is a stone staircase leading up here.
You climb upwards.
There is a stone staircase leading down here.
There is an open door here.
There is a stone staircase leading up, spattered with blood here.
You climb upwards.
There is a stone staircase leading down here.
Things that are here:
a +0 leather armour; a +0 club
There is an open door here.
There is a stone staircase leading up here.
You climb upwards.
There is a stone staircase leading down here.
There is a stone staircase leading up here.
You climb upwards.
There is a stone staircase leading down here.
Items here: ))) [ ÷.
Things that are here:
a +0 whip of freezing; an orc skeleton
There is a stone staircase leading up here.
You climb upwards.
There is a stone staircase leading down here.
Magic restored.
There is a stone staircase leading up here.
You climb upwards.
There is a stone staircase leading down here.
There is a stone staircase leading up here.
You climb upwards.
There is a stone staircase leading down here.
There is an open door here.
There is a staircase leading out of the dungeon here.
You have escaped!

.....÷..##.# #####
........##.# ######
#...###.##.# ##..... #...#
#.##.# #...... #...###....#
#..#### ....÷[..#..#########
#..# ..#.#.####.#.......# #..#
#.#...####.#.#.#'#.### #..#
.#.............#@#...######..#
###.######.###.#+#.#.........#
.#.## #.# #.....#########.####
#.## #.# ####### #..... ###
#.# #####. ##### #.# #.
....######.## #. ###.........#
#. ########..################
#.


There were no monsters in sight!

Vanquished Creatures
  8 dread liches
  An ancient lich (Zot:5)
  4 orbs of fire
  Xtahua (Vaults:5)
  Josephina (Zot:1)
  5 Killer Klowns
  Vashnia (Snake:4)
  Margery (Vaults:2)
  Saint Roka (Orc:2)
  3 caustic shrikes (Depths:3)
  A curse toe (Zot:4)
  9 golden dragons
  A profane servitor (D:10)
  Nikola (Vaults:2)
  The ghost of Gadrel the Eclecticist, an adept OnHW of Gozag (Vaults:1)
  2 hellephants
  6 electric golems
  19 tentacled monstrosities
  A pandemonium lord (Depths:4)
  Asterion (Elf:1)
  3 deep elf blademasters (Elf:3)
  26 Orb Guardians
  2 walking earthen tomes
  8 titans
  2 walking divine tomes
  A deep elf master archer (Elf:3)
  3 liches
  6 quicksilver dragons
  4 sphinxes
  An ancient champion (Vaults:2)
  6 death cobs
  The ghost of Jocvoh the Marksdemigod, an adept DgHu (Snake:2)
  16 shadow dragons
  11 tengu reavers
  Aizul (Swamp:3)
  2 protean progenitors (Zot:5)
  20 storm dragons
  2 thorn hunters (Swamp:4)
  7 draconian knights
  5 nagarajas (Snake:4)
  6 draconian monks
  9 fire giants
  4 draconian shifters
  3 narguns (Zot:3)
  15 frost giants
  6 deep elf sorcerers
  12 vault wardens
  3 draconian scorchers
  7 iron dragons
  5 ghost moths
  8 draconian stormcallers
  9 draconian annihilators
  6 deep elf elementalists
  14 ironbound preservers
  A ghoul (Swamp:4)
  3 orc warlords
  22 very ugly things
  8 ironbound thunderhulks
  A reaper (Zot:5)
  A vampire knight (Depths:1)
  15 stone giants
  Nessos (D:12)
  17 yellow draconians
  4 war gargoyles
  10 black draconians
  10 deep elf demonologists
  2 spark wasps (Depths:4)
  6 green draconians
  11 deep elf death magi
  11 purple draconians
  12 deep elf annihilators
  5 eleionomae
  14 white draconians
  12 red draconians
  4 dire elephants (Vaults:4)
  11 ettins
  6 bunyips
  A merfolk javelineer (Depths:1)
  4 crystal guardians
  11 fire dragons
  15 yaktaur captains
  3 entropy weavers
  3 rakshasas
  8 deep elf high priests
  5 great orbs of eyes (Vaults:4)
  8 ice dragons
  3 salamander tyrants
  A quicksilver dragon skeleton (Vaults:4)
  21 hydras
  3 peacekeepers
  4 spriggan air magi
  Erolcha (D:10)
  31 vault guards
  3 catoblepae
  Erica (Lair:1)
  13 alligators
  3 ogre magi
  16 anacondas
  A ghost crab (Swamp:4)
  22 dancing weapons
  12 centaur warriors
  5 ironbound frosthearts
  4 boulder beetles
  6 death yaks
  4 deep troll shamans
  4 hell hogs
  2 orc high priests (Orc:2)
  7 tengu warriors
  9 naga warriors
  7 deep troll earth magi
  11 two-headed ogres
  Urug (D:10)
  25 naga sharpshooters
  10 hell knights
  8 spriggan berserkers
  10 shock serpents
  A sun demon (Depths:2)
  12 deep elf knights
  2 vampire magi
  4 salamander mystics
  10 skeletal warriors
  5 goliath frogs
  2 skysharks
  2 sixfirhies
  A goliath frog (shapeshifter) (Elf:1)
  6 flayed ghosts
  5 iron trolls
  A sun moth (shapeshifter) (Depths:2)
  7 sea snakes (Snake:2)
  11 deep elf archers
  27 deep trolls
  8 arcanists
  13 swamp dragons
  A glowing orange brain (shapeshifter) (Depths:4)
  4 bog bodies
  4 spriggan druids
  2 shadow demons
  15 mana vipers
  9 naga ritualists
  7 glowing orange brains
  4 phantasmal warriors
  27 deep elf pyromancers
  5 lindwurms
  23 ironbound convokers
  12 harpies
  An oklob plant (Lair:5)
  30 ugly things
  25 deep elf zephyrmancers
  8 necromancers
  8 orc knights
  Maurice (D:8)
  3 orc sorcerers (Orc:2)
  3 will-o-the-wisps
  5 cyclopes
  23 moths of wrath
  17 salamanders
  A manticore (D:13)
  A faun (shapeshifter) (Vaults:5)
  8 guardian serpents (Snake:4)
  15 elephants
  12 naga magi
  48 black mambas
  13 vault sentinels
  A rust devil (D:10)
  3 gargoyles
  5 torpor snails
  6 ice statues
  A storm dragon simulacrum (Zot:1)
  A stone giant skeleton (Vaults:3)
  A torpor snail (shapeshifter) (Zot:4)
  17 cane toads
  A yaktaur zombie (Vaults:4)
  An unseen horror (D:11)
  11 rime drakes
  A tormentor (Depths:2)
  4 komodo dragons
  3 freezing wraiths
  19 yaktaurs
  An efreet (D:13)
  10 trolls
  5 tengu conjurers
  2 yaktaur skeletons (Vaults:4)
  A bloated husk (Swamp:3)
  12 polar bears
  17 hornets
  18 tyrant leeches
  10 blink frogs
  A glass eye (Depths:4)
  A draconian simulacrum (Zot:1)
  A dream sheep (Lair:5)
  4 air elementals (Elf:2)
  2 shadows
  37 slime creatures
  22 spriggans
  A centaur simulacrum (D:14)
  A culicivora (shapeshifter) (Vaults:5)
  Sigmund (D:6)
  5 humans (D:14)
  A vampire (D:11)
  An ettin skeleton (Vaults:4)
  2 wraiths
  5 wargs
  A yak (shapeshifter) (Vaults:5)
  2 wyverns
  51 yaks
  4 fire bats (Depths:2)
  Grum (Bailey)
  3 fire elementals (Elf:3)
  6 water elementals
  2 redbacks (Vaults:4)
  6 basilisks
  A steam dragon (Lair:1)
  A steam dragon (shapeshifter) (D:15)
  A neqoxec (Depths:4)
  15 vampire mosquitoes
  Menkaure (D:6)
  A death yak simulacrum (Lair:4)
  A green draconian simulacrum (Zot:1)
  13 swamp worms
  A glowing shapeshifter zombie (Vaults:3)
  16 water moccasins
  43 nagas
  An acid dragon (D:9)
  2 moth of wrath simulacra (Zot:1)
  A glowing shapeshifter skeleton (Vaults:4)
  A sky beast (D:6)
  3 laughing skulls
  17 ice beasts
  34 orc warriors
  A human zombie (Vaults:3)
  10 swamp drakes
  3 black bears
  2 ogres
  14 boggarts
  A phantom (D:5)
  52 wolves
  19 centaurs
  5 kobold brigands
  5 bullfrogs
  10 gnoll sergeants
  6 earth elementals
  A scorpion (D:7)
  2 human skeletons (Vaults:4)
  A cane toad simulacrum (Lair:4)
  10 wights
  An elephant simulacrum (Lair:4)
  20 killer bees
  2 howler monkeys (D:7)
  2 vampire bats (D:6)
  3 jellies (Lair:5)
  8 electric eels
  7 lava snakes
  9 hounds
  23 orc priests
  Ijyb (D:5)
  2 sleepcaps
  6 gnoll boudas (Bailey)
  An iguana (D:5)
  11 hell rats
  29 orc wizards
  24 gnolls
  5 adders
  3 white imps (D:6)
  2 ufetubi (D:7)
  3 ribbon worms (D:2)
  4 dart slugs
  106 orcs
  4 bat skeletons (D:6)
  3 bat zombies (D:6)
  13 endoplasms
  10 giant cockroaches
  10 goblins
  6 hobgoblins
  6 jackals (D:1)
  42 kobolds
  2 quokkas
  5 ball pythons
  5 bats
  7 frilled lizards
  10 rats
  2 aspiring fleshes (Zot:5)
2251 creatures vanquished.

Vanquished Creatures (collateral kills)
  An ancient lich (Zot:4)
  A Killer Klown (Zot:4)
  A foxfire (Sewer)
3 creatures vanquished.

Vanquished Creatures (others)
  An orc high priest (Elf:1)
  A naga ritualist (Snake:3)
  2 deep elf zephyrmancers (Elf:1)
  A bloated husk (Swamp:4)
  A laughing skull (D:13)
  An orc (Orc:2)
  633 foxfires
640 creatures vanquished.

Grand Total: 2894 creatures vanquished

Notes
Turn   | Place    | Note
-------+----------+-------------------------------------------
     0 | D:1      | juan097 the Mountain Dwarf Fire Elementalist began the
                  | quest for the Orb.
     0 | D:1      | Reached XP level 1. HP: 14/14 MP: 3/3
    71 | D:1      | Reached skill level 1 in Conjurations
   202 | D:1      | Reached XP level 2. HP: 20/20 MP: 0/4
   521 | D:1      | Learned a level 2 spell: Scorch
   662 | D:1      | Reached XP level 3. HP: 26/26 MP: 3/6
  1303 | D:2      | Learned a level 3 spell: Inner Flame
  1465 | D:2      | Identified the +9 dagger "Arcanum" {freeze, Fly rN+ Str-2
                  | Dex+2}
  1490 | D:2      | Reached XP level 4. HP: 33/33 MP: 5/7
  1675 | D:2      | Identified the +7 hand axe of Sol Rohe {venom, *Noise
                  | +Blink MP+9 Int+2}
  2709 | D:3      | Found a glowing drain.
  2714 | D:3      | Reached skill level 1 in Hexes
  2724 | Sewer    | Entered a sewer
  2850 | Sewer    | Reached XP level 5. HP: 38/38 MP: 8/8
  3085 | Sewer    | Reached skill level 5 in Fire Magic
  3085 | Sewer    | Reached XP level 6. HP: 45/45 MP: 10/10
  3473 | D:3      | Found a shadowy altar of Dithmenos.
  3543 | D:3      | Found a sparkling altar of Nemelex Xobeh.
  3713 | D:3      | Found a radiant altar of Vehumet.
  3769 | D:3      | Became a worshipper of Vehumet
  3943 | D:4      | Learned a level 3 spell: Volatile Blastmotes
  4034 | D:4      | Found a glowing silver altar of Zin.
  4100 | D:4      | Found an iron altar of Okawaru.
  4350 | D:4      | Reached * piety under Vehumet
  4350 | D:4      | Offered knowledge of Kiss of Death by Vehumet.
  4678 | D:5      | Entered Level 5 of the Dungeon
  4688 | D:5      | Reached skill level 1 in Fighting
  4688 | D:5      | Reached XP level 7. HP: 52/52 MP: 11/11
  4813 | D:5      | Reached skill level 1 in Translocations
  5121 | D:5      | Found a stormy altar of Qazlal.
  5318 | D:5      | Found a staircase to the Ecumenical Temple.
  5429 | Temple   | Entered the Ecumenical Temple
  5455 | D:5      | Found a white marble altar of Elyvilon.
  5541 | D:5      | Noticed Ijyb
  5546 | D:5      | Killed Ijyb
  5702 | D:6      | Noticed Menkaure
  5706 | D:6      | Killed Menkaure
  5750 | D:6      | Reached XP level 8. HP: 62/62 MP: 13/13
  6031 | D:6      | Found a sacrificial altar of Ru.
  6166 | D:6      | Found a basalt altar of Yredelemnul.
  6180 | D:6      | Noticed Sigmund
  6184 | D:6      | Killed Sigmund
  6199 | D:6      | Reached skill level 1 in Axes
  6203 | D:6      | Reached skill level 1 in Armour
  6326 | D:6      | Reached ** piety under Vehumet
  6326 | D:6      | Offered knowledge of Magic Dart by Vehumet.
  6358 | D:6      | Found an ancient bone altar of Kikubaaqudgha.
  6464 | D:6      | Found a shimmering blue altar of Sif Muna.
  6559 | D:6      | Found a glowing golden altar of the Shining One.
  6698 | D:6      | Reached XP level 9. HP: 57/72 MP: 1/15
  6941 | D:7      | Offered knowledge of Stone Arrow by Vehumet.
  7116 | D:7      | Learned a level 3 spell: Stone Arrow
  7172 | D:7      | Identified the +6 spear of the Mushroom {speed, rElec}
  7217 | D:7      | Reached skill level 5 in Fighting
  7360 | D:7      | Reached *** piety under Vehumet
  7518 | D:8      | Found a flagged portal.
  7530 | Bailey   | Entered a bailey
  7820 | Bailey   | Reached skill level 5 in Hexes
  7917 | Bailey   | Offered knowledge of Ignite Poison by Vehumet.
  8192 | Bailey   | Reached skill level 5 in Spellcasting
  8497 | Bailey   | Reached XP level 10. HP: 81/83 MP: 13/17
  8620 | Bailey   | Noticed Grum
  8632 | Bailey   | Killed Grum
  9066 | D:8      | Reached **** piety under Vehumet
  9067 | D:8      | Reached skill level 5 in Conjurations
  9177 | D:8      | Found a staircase to the Lair.
  9199 | D:8      | Noticed Maurice
  9208 | D:8      | Killed Maurice
  9215 | D:8      | Offered knowledge of Airstrike by Vehumet.
  9882 | D:8      | Learned a level 4 spell: Flame Wave
  9902 | Lair:1   | Entered Level 1 of the Lair of Beasts
  9941 | Lair:1   | Noticed Erica
  9957 | Lair:1   | Killed Erica
 10069 | Lair:1   | Identified the +3 sling of the Vase {heavy, rPois rN++
                  | Stlth-}
 10159 | Lair:1   | Noticed a cane toad
 10167 | Lair:1   | Killed a cane toad
 10270 | Lair:1   | Reached skill level 1 in Earth Magic
 10277 | Lair:1   | Reached XP level 11. HP: 95/95 MP: 11/19
 10378 | Lair:1   | Reached skill level 5 in Axes
 10491 | Lair:1   | Reached skill level 5 in Armour
 10577 | Lair:1   | Found a snail-covered altar of Cheibriados.
 11420 | Lair:2   | Noticed a catoblepas
 11486 | Lair:2   | Killed a catoblepas
 11498 | Lair:2   | Reached skill level 1 in Evocations
 11638 | Lair:2   | Reached ***** piety under Vehumet
 12115 | Lair:2   | Noticed a skyshark
 12119 | Lair:2   | Killed a skyshark
 12160 | Lair:2   | Noticed an eleionoma
 12166 | Lair:2   | Killed an eleionoma
 12213 | Lair:2   | Found a staircase to the Swamp.
 12390 | Lair:2   | Found a staircase to the Snake Pit.
 12759 | Lair:3   | Noticed a catoblepas
 12775 | Lair:2   | Reached XP level 12. HP: 106/106 MP: 21/21
 12794 | Lair:3   | Noticed a boulder beetle
 12811 | Lair:2   | Killed a boulder beetle
 12812 | Lair:2   | Reached skill level 10 in Fire Magic
 12904 | Lair:2   | Offered knowledge of Yara's Violent Unravelling by Vehumet.
 12923 | Lair:2   | Reached skill level 10 in Fighting
 13094 | Lair:2   | Killed a catoblepas
 13611 | Lair:3   | Found the crystal ball of Wucad Mu {*channel}
 14207 | Lair:3   | Reached XP level 13. HP: 117/117 MP: 25/25
 14740 | D:9      | Offered knowledge of Sticky Flame by Vehumet.
 15079 | D:9      | Paralysed by a hornet for 3 turns
 15312 | D:9      | Found a staircase to the Orcish Mines.
 15321 | Orc:1    | Entered Level 1 of the Orcish Mines
 15469 | Orc:2    | Entered Level 2 of the Orcish Mines
 15469 | Orc:2    | Found a staircase to the Elven Halls.
 15493 | Orc:2    | Reached XP level 14. HP: 114/125 MP: 22/26
 15735 | Orc:2    | Reached skill level 5 in Evocations
 15735 | Orc:2    | Noticed Saint Roka
 15892 | Orc:2    | HP: 3/126 [Saint Roka/divine providence (14)]
 15895 | Orc:2    | Killed Saint Roka
 15896 | Orc:2    | Reached skill level 5 in Earth Magic
 15992 | Orc:2    | Upgraded the game from 0.32-a0-361-g289a535e89 to
                  | 0.32-a0-391-gce5c0aab1b
 16379 | Orc:2    | Offered knowledge of Bombard by Vehumet.
 16402 | Orc:2    | Found a roughly hewn altar of Beogh.
 16403 | Orc:2    | Paralysed by an orc sorcerer for 4 turns
 16475 | Orc:2    | Found Nusaptu's General Store.
 16507 | Orc:2    | Found Vocorar's Antique Armour Boutique.
 16563 | Orc:2    | Found Polusi Qubi's Weapon Emporium.
 16626 | Orc:2    | Found a roughly hewn altar of Beogh.
 16707 | Orc:2    | Found Veuqotow's Jewellery Boutique.
 16722 | Orc:2    | Found Orghaewu's Antique Weapon Boutique.
 17242 | Orc:1    | Found Karaps's Magic Scroll Boutique.
 17251 | Orc:1    | Bought a scroll of vulnerability for 56 gold pieces
 17251 | Orc:1    | Bought a scroll of immolation for 56 gold pieces
 17251 | Orc:1    | Bought a scroll of identify for 28 gold pieces
 17430 | Orc:2    | Bought a scroll of enchant weapon for 97 gold pieces
 17430 | Orc:2    | Bought a potion of haste for 130 gold pieces
 17472 | Orc:1    | Bought a scroll of enchant armour for 105 gold pieces
 17508 | Orc:2    | Bought a jewelled chain mail for 370 gold pieces
 17508 | Orc:2    | Identified the +1 chain mail "Lemust" {Will+ Int+3} (You
                  | bought it in a shop on level 2 of the Orcish Mines)
 17545 | Orc:2    | Bought a heavily runed ring mail for 351 gold pieces
 17545 | Orc:2    | Identified the +5 ring mail "Gengukog" {rPois} (You bought
                  | it in a shop on level 2 of the Orcish Mines)
 17942 | Lair:4   | Found a frozen archway.
 17951 | Lair:4   | Learned a level 6 spell: Bombard
 17992 | IceCv    | Entered an ice cave
 18432 | IceCv    | Noticed a frost giant
 18459 | IceCv    | Killed a frost giant
 18906 | Lair:4   | Offered knowledge of Starburst by Vehumet.
 18944 | Lair:4   | Learned a level 6 spell: Starburst
 19826 | Lair:5   | Entered Level 5 of the Lair of Beasts
 19863 | Lair:5   | Reached skill level 10 in Spellcasting
 19863 | Lair:5   | Reached XP level 15. HP: 95/132 MP: 29/29
 20279 | Lair:5   | Found a shadowy altar of Dithmenos.
 20326 | Lair:5   | Found a runed translucent door.
 20339 | Lair:5   | Noticed Zonian's ghost (journeyman FeSu)
 20889 | Lair:5   | Offered knowledge of Iskenderun's Battlesphere by Vehumet.
 20919 | Lair:5   | Found a viscous altar of Jiyva.
 21020 | Lair:5   | Found a staircase to the Slime Pits.
 21502 | D:10     | Entered Level 10 of the Dungeon
 21723 | D:10     | Found a broken altar of Ashenzari.
 21775 | D:10     | Noticed Urug
 21780 | D:10     | Killed Urug
 21939 | D:10     | Noticed Erolcha
 21944 | D:10     | Killed Erolcha
 21945 | D:10     | Reached skill level 10 in Earth Magic
 22207 | D:10     | Found Mexky's Serpentskin Sales.
 23423 | D:12     | Noticed Nessos
 23426 | D:12     | Killed Nessos
 24306 | D:12     | Reached skill level 1 in Throwing
 24858 | D:13     | Reached ****** piety under Vehumet
 25072 | D:13     | You fall into a shaft and drop 2 floors!
 25072 | D:15     | Entered Level 15 of the Dungeon
 25198 | D:15     | Reached XP level 16. HP: 101/121 MP: 30/30
 25602 | D:15     | Offered knowledge of Irradiate by Vehumet.
 25719 | D:15     | Found Sikuidgh's Weapon Emporium.
 26036 | D:15     | Reached skill level 10 in Armour
 26080 | D:15     | Found a staircase to the Depths.
 28345 | D:14     | Found a gate to the Vaults.
 28446 | D:14     | Identified the flux talisman "Edodiol" {Int+2 Dex+5}
 28602 | D:14     | Offered knowledge of Plasma Beam by Vehumet.
 28967 | Swamp:1  | Entered Level 1 of the Swamp
 29410 | Swamp:1  | Reached skill level 10 in Conjurations
 30649 | Orc:2    | Bought a ring of fire for 350 gold pieces
 30655 | Orc:2    | Bought a +5 ring of evasion for 504 gold pieces
 31350 | Swamp:3  | Reached XP level 17. HP: 141/154 MP: 31/31
 31437 | Swamp:3  | Identified the serpent talisman of Parlour Games {Int+3
                  | Stlth+}
 31437 | Swamp:3  | Noticed Aizul
 31457 | Swamp:3  | Killed Aizul
 31939 | Swamp:4  | Entered Level 4 of the Swamp
 32007 | Swamp:4  | Offered knowledge of Lehudib's Crystal Spear by Vehumet.
 32007 | Swamp:4  | Offered knowledge of Polar Vortex by Vehumet.
 32007 | Swamp:4  | Offered knowledge of Ignition by Vehumet.
 32324 | Swamp:4  | Reached skill level 15 in Fire Magic
 32338 | Swamp:4  | Reached skill level 15 in Fighting
 32820 | Swamp:4  | Got a decaying rune of Zot
 33186 | Snake:1  | Entered Level 1 of the Snake Pit
 33865 | Snake:1  | Found Siaploto's Jewellery Boutique.
 34056 | Snake:1  | Found Huserora's General Store.
 34063 | Snake:1  | Bought a scroll of fog for 64 gold pieces
 34063 | Snake:1  | Bought a +0 vampiric short sword for 176 gold pieces
 34063 | Snake:1  | Bought a scroll of identify for 32 gold pieces
 34104 | Snake:1  | Found Aribb's Antique Weapon Shop.
 34431 | Snake:2  | Found a flickering gateway to a bazaar.
 34484 | Snake:2  | Reached XP level 18. HP: 91/163 MP: 32/32
 34519 | Bazaar   | Entered a bazaar
 34519 | Bazaar   | Found Kuleuh's Jewellery Boutique.
 34519 | Bazaar   | Found Vot Yror's Weapon Boutique.
 34584 | Bazaar   | Found Roakhel's Assorted Antiques.
 34633 | Bazaar   | Found Rymaqas's Magic Scroll Shop.
 34663 | Bazaar   | Bought a scroll of brand weapon for 123 gold pieces
 34663 | Bazaar   | Bought a scroll of noise for 13 gold pieces
 34663 | Bazaar   | Bought a scroll of identify for 26 gold pieces
 34682 | Bazaar   | Bought the ring "Eblakair" {rN+ MP+9 Str+2 Int+5} for 787
                  | gold pieces
 35311 | Snake:2  | Found a large runed translucent door.
 35311 | Snake:2  | Found a large runed translucent door.
 35325 | Snake:2  | Noticed Jocvoh's ghost (adept DgHu)
 36013 | Snake:2  | Found Ismo's Book Emporium.
 36013 | Snake:2  | Found Caekyug's Jewellery Boutique.
 36014 | Snake:2  | Found Namapt's Book Emporium.
 36152 | Snake:2  | Reached skill level 10 in Evocations
 36420 | Snake:3  | Found Igisuv's Antique Weapon Shoppe.
 36422 | Snake:3  | Found Gunnunuel's General Store.
 36425 | Snake:3  | Found Boimpee's Antique Armour Shoppe.
 36430 | Snake:3  | Bought a potion of brilliance for 52 gold pieces
 37743 | Snake:4  | Entered Level 4 of the Snake Pit
 37921 | Snake:4  | Found a hide-covered altar of Uskayaw.
 38980 | Snake:4  | Identified the +0 sling of Eternal Night {antimagic, +Blink
                  | rC++ rCorr Str-2}
 39505 | Snake:4  | Noticed Vashnia
 39525 | Snake:4  | Reached XP level 19. HP: 172/172 MP: 34/34
 39561 | Snake:4  | Killed Vashnia
 39937 | Snake:4  | Found an iron altar of Okawaru.
 40063 | Snake:4  | Got a serpentine rune of Zot
 40473 | Vaults:1 | Entered Level 1 of the Vaults
 40480 | Vaults:1 | Reached skill level 5 in Throwing
 40573 | D:14     | Learned a level 8 spell: Ignition
 40599 | Vaults:1 | Reached skill level 5 in Stealth
 40920 | Vaults:1 | Reached skill level 5 in Dodging
 41470 | Vaults:1 | Found a runed translucent gate.
 41470 | Vaults:1 | Found a runed translucent gate.
 41470 | Vaults:1 | Found a runed translucent gate.
 41470 | Vaults:1 | Noticed Gadrel's ghost (adept OnHW)
 42415 | Vaults:2 | Reached skill level 10 in Axes
 42656 | Vaults:2 | Identified the +5 chain mail of Past Mistakes {rN+ Str+2
                  | SInv Stlth-}
 42882 | Vaults:2 | Noticed Margery
 42886 | Vaults:2 | Noticed a hellephant
 43357 | Vaults:2 | Killed Margery
 43360 | Vaults:2 | Identified the +6 plate armour of the Elven Halls {rC+
                  | Regen+}
 43627 | Vaults:2 | Killed a hellephant
 43748 | Vaults:2 | Found a staircase to the Crypt.
 43798 | Vaults:2 | Noticed Nikola
 43814 | Vaults:2 | Killed Nikola
 43815 | Vaults:2 | Reached XP level 20. HP: 128/184 MP: 18/36
 43831 | Vaults:2 | Found Pavosel's Armour Emporium.
 43955 | Vaults:2 | Identified 3 scrolls of acquirement
 43959 | Vaults:2 | Acquired 911 gold pieces
 43961 | Vaults:2 | Acquired 1019 gold pieces
 43964 | Vaults:2 | Acquired 837 gold pieces
 43970 | Vaults:2 | Bought a +1 cloak of preservation for 363 gold pieces
 44467 | Snake:2  | Bought the ring of Beogh's Hatred {rElec rF+ Will+ Dex+2}
                  | for 780 gold pieces
 44620 | Snake:2  | Killed Jocvoh's ghost
 45711 | Vaults:1 | Killed Gadrel's ghost
 45919 | Vaults:3 | Identified the +7 tower shield of Resonance {^Drain rF+
                  | Int+3 Stlth+}
 45919 | Vaults:3 | Noticed Mennas
 47303 | Vaults:4 | Reached skill level 15 in Armour
 48016 | Vaults:4 | Learned a level 5 spell: Lee's Rapid Deconstruction
 49033 | Elf:1    | Entered Level 1 of the Elven Halls
 49196 | Elf:1    | Noticed Asterion
 49209 | Elf:1    | Killed Asterion
 49565 | Elf:1    | Reached XP level 21. HP: 147/191 MP: 37/37
 50526 | Elf:2    | Reached skill level 15 in Earth Magic
 50589 | Elf:2    | Paralysed by an air elemental for 1 turns
 50592 | Elf:2    | Paralysed by an air elemental for 1 turns
 51179 | Elf:2    | Found a runed translucent gate.
 51180 | Elf:2    | Found a runed translucent gate.
 51180 | Elf:2    | Found a runed translucent gate.
 51258 | Elf:2    | Paralysed by an air elemental for 1 turns
 51675 | Elf:3    | Entered Level 3 of the Elven Halls
 52018 | Elf:3    | Found a runed translucent gate.
 52019 | Elf:3    | Found a runed translucent gate.
 52020 | Elf:3    | Found a runed translucent gate.
 52045 | Elf:3    | Identified the orb "Vops" {light, Int+2}
 52411 | Elf:3    | Noticed Dodessio's ghost (adept DsGl)
 52813 | Elf:3    | Identified the ring of Nobility {rN+ Will+ Int-4 Slay+2}
 53110 | Elf:3    | Identified the ring of Curiosity {rPois rC+}
 53731 | Elf:3    | Identified the +0 chain mail of Voteukeh {rElec Str+2}
 53757 | Elf:3    | Got the Folio of Silt and the Blizzard
 53765 | Elf:3    | Got Elit's Omnibus of Hexing and Synthesis
 53801 | Elf:3    | Identified the +0 plate armour "Qeebbaena" {Stlth+}
 53829 | Elf:3    | Gained mutation: Potions are less effective at restoring
                  | your health. [a cacodemon]
 53945 | Elf:3    | Noticed Umpaher's ghost (adept DsGl)
 54422 | Depths:1 | Entered Level 1 of the Depths
 54425 | Depths:1 | Found a transporter.
 54426 | Depths:1 | Found a transporter.
 54431 | Depths:1 | Noticed Ylige's ghost (adept MDFi)
 54439 | Depths:1 | Identified the ring "Qibij" {rC+ Will- Int+3 Slay+6}
 54440 | Depths:1 | Noticed a juggernaut
 54444 | Depths:1 | Found a bloodstained altar of Trog.
 54861 | Depths:1 | Found a one-way gate leading to the halls of Pandemonium.
 55309 | Depths:1 | Found a gateway to Hell.
 55433 | Depths:1 | Found Ylarel's Magic Scroll Emporium.
 55437 | Depths:1 | Bought a scroll of blinking for 142 gold pieces
 55504 | Depths:1 | Reached XP level 22. HP: 182/199 MP: 38/38
 55807 | Depths:2 | Found a flickering gateway to a bazaar.
 55855 | Bazaar   | Entered a bazaar
 55953 | Bazaar   | Found Ifull's Jewellery Emporium.
 55953 | Bazaar   | Found Xunlyir's Magic Scroll Shoppe.
 55964 | Bazaar   | Bought a scroll of blinking for 90 gold pieces
 56000 | Bazaar   | Found Dozouvvy's Antique Armour Shoppe.
 56036 | Bazaar   | Bought a pair of scorched gloves for 228 gold pieces
 56036 | Bazaar   | Identified the +1 pair of gloves of the Gloaming {Int+3}
                  | (You bought it in a shop in a bazaar)
 56036 | Bazaar   | Bought a pair of pitted boots for 228 gold pieces
 56036 | Bazaar   | Identified the +0 pair of boots "Paet" {Str+3} (You bought
                  | it in a shop in a bazaar)
 56036 | Bazaar   | Bought a pair of glowing boots for 180 gold pieces
 56084 | Bazaar   | Bought a scroll of enchant armour for 90 gold pieces
 56228 | Depths:2 | Found a one-way gateway to a ziggurat.
 56249 | Depths:2 | Learned a level 5 spell: Borgnjor's Vile Clutch
 56910 | Orc:1    | Bought 2 scrolls of enchant armour for 210 gold pieces
 57214 | Snake:2  | Bought the macabre finger necklace {Finger+ rN+} for 640
                  | gold pieces
 57214 | Snake:2  | Found the macabre finger necklace {Finger+ rN+}
 57745 | Depths:2 | Reached skill level 1 in Necromancy
 58371 | Depths:3 | You fall into a shaft and drop 1 floor!
 58371 | Depths:4 | Entered Level 4 of the Depths
 58692 | Depths:3 | Noticed a caustic shrike
 58692 | Depths:3 | Noticed a caustic shrike
 58692 | Depths:3 | Noticed a caustic shrike
 58820 | Depths:3 | Reached skill level 5 in Necromancy
 58952 | Depths:3 | Identified the +1 robe of the Swan {rC+ Str+2}
 58963 | Depths:3 | Killed a caustic shrike
 59023 | Depths:3 | Killed a caustic shrike
 59426 | Depths:3 | Killed a caustic shrike
 60081 | Depths:4 | Noticed a golden dragon
 60085 | Depths:4 | Killed a golden dragon
 60168 | Depths:4 | Noticed a golden dragon
 60175 | Depths:4 | Killed a golden dragon
 60190 | Depths:4 | Reached XP level 23. HP: 208/211 MP: 13/40
 60562 | Depths:4 | Found a gate to the Realm of Zot.
 61670 | Vaults:5 | Entered Level 5 of the Vaults
 61833 | Vaults:5 | Noticed a dread lich
 61842 | Vaults:5 | Killed a dread lich
 62076 | Vaults:5 | Got a silver rune of Zot
 62162 | Vaults:5 | Identified the +7 rapier of Iconoclasm {holy, rPois}
 62213 | Vaults:5 | Identified the +3 ring mail of Sin {rC+ Regen+ MP+9}
 62602 | Vaults:5 | Identified the +3 flail of Cacika {speed, Fly rN+ Str+3}
 62921 | Vaults:5 | Reached XP level 24. HP: 226/226 MP: 40/40
 63099 | Vaults:5 | Noticed Xtahua
 63113 | Vaults:5 | Killed Xtahua
 63191 | Vaults:5 | Identified the ring of Feoru Paisch {rF+ EV+5}
 63491 | Vaults:5 | Identified the ring "Buiroj" {Will++ Int-4 Dex+6}
 63496 | Vaults:5 | Identified the +1 chain mail "Fushiaz" {Rampage}
 63497 | Vaults:5 | Identified the amulet of Vorphaes {Faith Dex+9}
 63616 | Vaults:5 | Identified the ring "Budewym" {rElec Int+6}
 63733 | Vaults:5 | Identified the +3 short sword of the Rattlesnake {pain,
                  | Int+3}
 63735 | Vaults:5 | Got Cown's Volume of Cold
 63815 | Vaults:5 | Identified the ring of Domem {rF+ rN+ Int+2}
 64267 | Zot:1    | Entered Level 1 of the Realm of Zot
 64358 | Zot:1    | Identified the ring "Onlya" {Ice rPois Str+3 Stlth-}
 64358 | Zot:1    | Noticed Josephina
 64367 | Zot:1    | Killed Josephina
 64570 | Zot:1    | You fall into a shaft and drop 1 floor!
 65201 | Zot:1    | Identified the +0 chain mail "Put-Me-On" {rPois Regen+
                  | Str-4}
 65760 | Zot:2    | Identified the +1 long sword of the Onslaught {heavy, Fly
                  | rN+ Str+2}
 67007 | Zot:3    | Acquired 1177 gold pieces
 67525 | Zot:3    | Identified the +1 double sword "Death Rattle" {flame,
                  | Will+}
 67529 | Zot:3    | Identified the +5 double sword of a Thousand Mystics {elec,
                  | rElec Int-3 Stlth+}
 67949 | Zot:4    | Reached XP level 25. HP: 213/238 MP: 36/41
 68794 | Zot:4    | Identified the +7 plate armour of Wuoz Woe {rC+}
 68894 | Zot:4    | Noticed a Killer Klown
 68899 | Zot:4    | Killed a Killer Klown
 69479 | Zot:4    | Noticed an orb of fire
 69480 | Zot:4    | Gained mutation: Your body sometimes deteriorates upon
                  | taking damage. [an orb of fire]
 69493 | Zot:4    | Killed an orb of fire
 69868 | Zot:5    | Entered Level 5 of the Realm of Zot
 71004 | Zot:5    | Reached skill level 15 in Spellcasting
 71521 | Zot:5    | Noticed a Killer Klown
 71531 | Zot:5    | Killed a Killer Klown
 71595 | Zot:5    | Noticed a Killer Klown
 71608 | Zot:5    | Killed a Killer Klown
 71609 | Zot:5    | Noticed a Killer Klown
 71624 | Zot:5    | Noticed an ancient lich
 71644 | Zot:4    | Killed an ancient lich
 71647 | Zot:4    | Killed a Killer Klown
 71818 | Zot:5    | Noticed a dread lich
 71823 | Zot:5    | Noticed an orb of fire
 71827 | Zot:5    | Killed a dread lich
 71827 | Zot:5    | Noticed a dread lich
 71832 | Zot:5    | Gained mutation: Your magical capacity is low. (-10% MP)
                  | [an orb of fire]
 71841 | Zot:5    | Killed an orb of fire
 71844 | Zot:5    | Killed a dread lich
 72089 | Zot:5    | Noticed a dread lich
 72098 | Zot:5    | Killed a dread lich
 72149 | Zot:5    | Noticed a dread lich
 72161 | Zot:5    | Killed a dread lich
 72335 | Zot:5    | Reached XP level 26. HP: 234/250 MP: 38/38
 72359 | Zot:5    | Noticed an orb of fire
 72361 | Zot:5    | Gained mutation: You are frail. (-10% HP) [an orb of fire]
 72366 | Zot:5    | Gained mutation: You are dopey. (Int -2) [an orb of fire]
 72367 | Zot:5    | Killed an orb of fire
 72393 | Zot:5    | Noticed a dread lich
 72430 | Zot:5    | Killed a dread lich
 72453 | Zot:5    | Noticed a dread lich
 72459 | Zot:5    | Killed a dread lich
 72676 | Zot:5    | Noticed an ancient lich
 72686 | Zot:5    | Killed an ancient lich
 72722 | Zot:5    | Noticed a dread lich
 72728 | Zot:5    | Killed a dread lich
 73167 | Zot:5    | Lost mutation: Your body sometimes deteriorates upon taking
                  | damage. [potion of mutation]
 73167 | Zot:5    | Lost mutation: Potions are less effective at restoring your
                  | health. [potion of mutation]
 73168 | Zot:5    | Lost mutation: You are dopey. (Int -2) [potion of mutation]
 73168 | Zot:5    | Lost mutation: You are frail. (-10% HP) [potion of
                  | mutation]
 73168 | Zot:5    | Lost mutation: Your magical capacity is low. (-10% MP)
                  | [potion of mutation]
 73168 | Zot:5    | Gained mutation: You have a beak for a mouth. [potion of
                  | mutation]
 73168 | Zot:5    | Gained mutation: You are somewhat resistant to further
                  | mutation. [potion of mutation]
 73169 | Zot:5    | Got the Orb of Zot
 73196 | Zot:5    | Noticed an orb of fire
 73205 | Zot:5    | Killed an orb of fire
 73279 | Depths:4 | Noticed Dota Digg the pandemonium lord
 73286 | Depths:4 | Killed Dota Digg the pandemonium lord
 73766 | D:$      | Escaped with the Orb!

Illustrated notes

Levels and vault maps discovered:
D:1:      dpeg_arrival_tiny_d, layout_loops_ring, minmay_misc_feat_cross,
          corexii_leaking_fountain
D:2:      layout_basic, ebering_dispersal_statue_hall
D:3:      layout_loops_cross, nemelex_dance_club_becter, fiery_altar_vehumet,
          grunt_dithmenos_smoke, portal_sewer_entry_a, due_unseen_surprise
D:4:      layout_basic, okawaru_ov_weapons_minmay, mainiacjoe_overflow_24_doors
D:5:      layout_loops_cross, mainiacjoe_overflow_six_doors_small,
          nicolae_overflow_crystal_walls, minmay_temple_entry_steel_oval,
          serial_aquarium, aquarium_bridge_island_small
          [aquarium_subvault_small_water, aquarium_subvault_window,
          aquarium_subvault_bridge, aquarium_subvault_window,
          aquarium_subvault_bridge], aquarium_window_1, aquarium_window_3,
          aquarium_view_2d, aquarium_view_2c, aquarium_pool_2, uniq_ijyb
D:6:      layout_basic, mainiacjoe_overflow_alcove_4, hangedman_ru_absence,
          lemuel_crystal_altar, kennysheep_vampire_church, led_sif_book,
          abandoned_shop, minmay_a_box_with_orc_wizards_in_it, uniq_menkaure,
          uniq_sigmund
D:7:      layout_gridville, eino_jars
D:8:      layout_cave_pods, erik_lair_island, enter_bailey_3, uniq_maurice
D:9:      layout_roguey [special_room_orc], david_orc_4, serial_glass,
          glass_columns_a, glass_columns_a
D:10:     layout_layer_cave, lemuel_round_altar, guppyfry_shop_venom,
          uniq_erolcha, uniq_urug
D:11:     layout_cave_pools
D:12:     layout_roguey, disabler_island, uniq_nessos
D:13:     minmay_ice_pillars, layout_basic
D:14:     layout_gridville, hellmonk_vaults_keyhole, st_stairs_4
D:15:     grunt_enter_depths_snipers, layout_loops_ring, serial_shops,
          nicolae_shop_bloodbath_and_beyond, hex_medium,
          minmay_dual_archer_statues
Temple:   compressed_dpeg_triangle_lava_temple
Lair:1:   layout_hall_layers, kennysheep_snail_temple, grunt_megastairs_4,
          uniq_erica
Lair:2:   layout_gridlike, alex1729_swamp_entry_worm_eleionoma,
          nicolae_snake_entry_warm_welcome, lemuel_old_faithful,
          lemuel_fruit_tree
Lair:3:   layout_loops_ring, minmay_lindwurm_lava
Lair:4:   layout_cave_pods, portal_ice_cave_entry_ice_simulacra
Lair:5:   minmay_lair_end_enchanted_forest, layout_regular_city, slime_entry_2,
          ebering_ghost_inner_flame, basic_altar, infiniplex_staircase_pool_2,
          grunt_megastairs_2
Swamp:1:  layout_falls_marsh, evilmike_swamp_ruin_house_5,
          infiniplex_staircase_pool
Swamp:2:  layout_basic_swamp, serial_swamp_ruin, evilmike_swamp_ruin_rubble_1,
          evilmike_swamp_ruin_house_6, swamp_pool_5
Swamp:3:  layout_basic_swamp, evilmike_swamp_ruin_house_2, uniq_aizul
Swamp:4:  swamp, layout_basic_swamp, nicolae_swamp_tree_isthmus
Snake:1:  nicolae_snakescales, layout_onion_interference, serial_shops, shop,
          shop, nicolae_shop_just_a_little_nook, st_stairs_6
Snake:2:  layout_basic, ebering_ghost_disaster_area, serial_shops,
          bzr_entry_customers, nicolae_snake_snake_lake,
          nicolae_snake_snakes_in_the_grass, minmay_shop_grove
Snake:3:  nicolae_snake_crotalidae_crossing, layout_honeycomb, minmay_shop_star
Snake:4:  grunt_snake_rune_serpentine_throne, layout_layer_cave, basic_altar,
          serial_bayou_shore_b
Orc:1:    layout_caves, serial_shops, shop, nicolae_orc_bridge_out
Orc:2:    grunt_orc_cross, layout_caves, serial_shops, nicolae_square_shop,
          nicolae_orc_lost_temple
Elf:1:    eino_elf_arrival_customs, layout_geoelf_octagon,
          nicolae_elf_crossing_hall, nrook_mini_backslash, uniq_asterion
Elf:2:    nicolae_elf_blades_crystal_corner, layout_onion_city
Elf:3:    nooodl_elf_gasket, layout_onion_city, gammafunk_ghost_cemetery
Vaults:1: gammafunk_ghost_split, v_misc_12, hangedman_vaults_stagger,
          hangedman_vaults_corner_blocks, nicolae_vaults_shipping_containers_1,
          ontoclasm_vaults_ring_large, nicolae_vaults_closet_pinwheel_6,
          nicolae_vaults_oval_intersection, nicolae_vaults_meiosis,
          vaults_standard_mumra_x, vaults_room_fours, layout_vaults_maze
Vaults:2: nicolae_vaults_mitosis, nicolae_vaults_tetromino_Z_2,
          ontoclasm_vaults_decontamination, minmay_crypt_entry_simple_statues,
          grunt_vaults_focal, nicolae_vaults_apartment_1,
          nicolae_vaults_double_plus_3, nicolae_vaults_windows_and_doors_thing,
          nicolae_vaults_wrenched, nicolae_vaults_shrinking_rooms_2,
          vaults_room_fours, v_alt_pattern_6, nicolae_vaults_security_offices_2,
          vaults_mumra_chevron, nicolae_vaults_diagonal_hallway_9,
          nicolae_vaults_tetromino_Z_2, layout_vaults_omnibox, serial_shops,
          shop, uniq_margery, uniq_nikola
Vaults:3: v_misc_24, nicolae_vaults_door_testing_chamber,
          ontoclasm_vaults_claustrophobia, serial_ice_m, ontoclasm_vaults_tryst,
          nicolae_vaults_shock_wave, nicolae_vaults_two_Ls,
          nicolae_vaults_storage_room_glass, nicolae_vaults_turnstiles,
          vaults_room_door_ring, v_pattern_2, v_misc_17, ontoclasm_vaults_twist,
          nicolae_vaults_house_1, layout_vaults_ring, uniq_mennas,
          uniq_frederick
Vaults:4: v_pattern_1, nicolae_vaults_stairing_the_circle, v_rooms_1,
          nicolae_vaults_weapon_check, nicolae_vaults_thirteen_compartments,
          ontoclasm_vaults_shuriken, layout_vaults_omnigrid
Vaults:5: uniq_xtahua
Depths:1: layout_long_grid, gammafunk_ghost_wrathful_warriors, kennysheep_donut,
          rand_demon_pan_entry_8, serial_shops, nicolae_shop_back_alley_shop,
          grunt_hell_horde, nicolae_figureground_sparkle
Depths:2: evilmike_pillar_path, layout_cave_pools, enter_ziggurat_a,
          rand_demon_pan_entry_3, serial_shops, bzr_entry_islet,
          kennysheep_small_spiral, grunt_hell_entry_dis_grunt,
          minmay_staircase_bubble
Depths:3: tekkud_shrikecote, layout_twisted_cross, pf_hell_entry_tar_spiral,
          abyss_entry_flame_altar, minmay_crystal_room,
          infiniplex_staircase_zigzag_5
Depths:4: grunt_runaround [grunt_runaround_zot, grunt_runaround_doors_1,
          grunt_runaround_doors_2, grunt_runaround_doors_3,
          grunt_runaround_doors_4], hell_entry
Zot:1:    layout_gridville, uniq_josephina
Zot:2:    cheibrodos_frozen_isle, layout_onion
Zot:3:    layout_gridlike, st_single_dragon_hoard_4,
          nicolae_rock_paper_scissors, lemuel_elevator
Zot:4:    hangedman_zot_vaults_quadrants, layout_onion, skrybe_zot_glass_1
Zot:5:    layout_misc_corridors

Skill      XL: |  1  2  3  4  5  6  7  8  9 10 11 12 13 14 15 16 17 18 19 20 21 22 23 24 25 26 |
---------------+-------------------------------------------------------------------------------+-----
Conjurations   | 1 2 3 4 5 6 8 9 10 12 | 12.0
Spellcasting   | 2 3 4 5 6 8 10 11 12 13 14 15 16 | 16.0
Fire Magic     | 4 5 6 7 8 9 12 13 14 15 16 17 19 20 22 23 | 23.0
Stealth        | 2 3 4 6 |  6.0
Hexes          | 1 2 3 4 5 |  5.0
Fighting       | 1 2 4 5 8 9 11 12 13 14 15 16 17 18 20 22 23 | 23.0
Translocations | 2 3 4 |  4.0
Axes           | 2 4 6 7 8 10 12 | 12.0
Armour         | 1 3 4 6 7 8 9 10 12 13 16 18 19 20 22 23 | 23.0
Dodging        | 2 3 4 5 8 9 |  9.9
Earth Magic    | 1 3 7 10 12 13 14 15 16 | 16.0
Evocations     | 3 4 8 9 12 | 12.0
Throwing       | 1 4 6 |  6.0
Necromancy     | 8 |  8.0

Action                     |  1- 3 |  4- 6 |  7- 9 | 10-12 | 13-15 | 16-18 | 19-21 | 22-24 | 25-27 || total
---------------------------+-------+-------+-------+-------+-------+-------+-------+-------+-------++-------
  Melee: Unarmed           |     7 |       |       |       |       |       |       |       |       ||     7
         Club              |    18 |       |       |       |       |       |       |       |       ||    18
         Hand axe          |       |    17 |    22 |    50 |   107 |   136 |   232 |   107 |    65 ||   736
         Dagger            |       |     2 |       |       |       |       |       |       |       ||     2
         Spear             |       |       |       |       |       |     2 |       |       |       ||     2
  Throw: Dart              |       |       |     5 |     2 |     8 |       |     4 |       |       ||    19
         Throwing net      |       |       |     2 |       |       |       |     3 |       |       ||     5
   Cast: Foxfire           |    44 |    75 |   128 |    82 |    39 |       |       |       |       ||   368
         Scorch            |     8 |    35 |   136 |   146 |   362 |   466 |   109 |     7 |       ||  1269
         Inner Flame       |       |       |     9 |    17 |    47 |     4 |    21 |     1 |       ||    99
         Flame Wave        |       |       |       |    23 |    88 |    97 |    73 |    10 |       ||   291
         Stone Arrow       |       |       |       |    28 |     2 |     5 |       |       |       ||    35
         Volatile Blastmot |       |       |       |       |     6 |       |       |       |       ||     6
         Starburst         |       |       |       |       |    52 |   160 |   180 |    23 |       ||   415
         Bombard           |       |       |       |       |     1 |    72 |   408 |   536 |   335 ||  1352
         Ignition          |       |       |       |       |       |       |    27 |   193 |   110 ||   330
         Lee's Rapid Decon |       |       |       |       |       |       |       |    20 |       ||    20
         Borgnjor's Vile C |       |       |       |       |       |       |       |     4 |       ||     4
Ability: Evoke Blink       |       |       |       |       |     1 |       |       |     1 |       ||     2
  Evoke: Wand              |       |       |       |       |     4 |     2 |       |     1 |     1 ||     8
         Tin of tremorston |       |       |       |       |       |     2 |       |       |       ||     2
         Lightning rod     |       |       |       |       |       |     4 |     2 |     2 |     4 ||    12
         Box of beasts     |       |       |       |       |       |       |       |       |     1 ||     1
         Phantom mirror    |       |       |       |       |       |       |       |       |     1 ||     1
    Use: Scroll            |       |       |     6 |     2 |    14 |     9 |    16 |    12 |     1 ||    60
         Potion            |       |       |       |     6 |     8 |     2 |     2 |     3 |     9 ||    30
   Stab: Sleeping          |     1 |       |       |       |     1 |     4 |     1 |       |       ||     7
         Petrified         |       |       |       |     6 |       |     3 |       |       |       ||     9
         Distracted        |       |       |       |       |       |     1 |       |       |       ||     1
 Armour: Leather armour    |    22 |       |       |       |       |       |       |       |       ||    22
         Ring mail         |     3 |    19 |    67 |       |   370 |  1024 |   236 |       |       ||  1719
         Scale mail        |       |       |   148 |   268 |   157 |       |       |       |       ||   573
         Plate armour      |       |       |       |       |       |       |   644 |   723 |   415 ||  1782
  Dodge: Dodged            |    22 |     9 |   106 |    77 |   228 |   594 |   305 |   154 |   108 ||  1603

Table legend: (Time is in decaauts)
 A = Elapsed time spent in this place.
 B = Non-inter-level travel time spent in this place.
 C = Inter-level travel time spent in this place.
 D = Time resting spent in this place.
 E = Time spent auto-exploring this place.
 F = Levels seen in this place.
 G = Mean time per level.
                   A        B        C        D        E       F      G
               +--------+--------+--------+--------+--------+-----+--------+
         Total |  74162 |  64677 |   9485 |   1020 |  50173 |  53 | 1399.3 |
       Dungeon |  19580 |  15390 |   4190 |    197 |  12384 |  15 | 1305.3 |
        Temple |      1 |      1 |      0 |      0 |      0 |   1 |    1.0 |
          Lair |   8464 |   7248 |   1216 |    103 |   5813 |   5 | 1692.8 |
         Swamp |   3985 |   3655 |    330 |     12 |   2800 |   4 |  996.2 |
     Snake Pit |   7125 |   6610 |    515 |    184 |   4945 |   4 | 1781.2 |
  Orcish Mines |   2590 |   2083 |    507 |     87 |   1387 |   2 | 1295.0 |
   Elven Halls |   5113 |   4783 |    330 |      6 |   3770 |   3 | 1704.3 |
        Vaults |   9606 |   8565 |   1041 |    165 |   6476 |   5 | 1921.2 |
        Depths |   6348 |   5386 |    962 |      0 |   4336 |   4 | 1587.0 |
           Zot |   8320 |   7929 |    391 |    266 |   6141 |   5 | 1664.0 |
        Bazaar |    462 |    462 |      0 |      0 |    294 |   2 |  231.0 |
         Sewer |    465 |    465 |      0 |      0 |    337 |   1 |  465.0 |
        Bailey |   1234 |   1234 |      0 |      0 |    916 |   1 | 1234.0 |
      Ice Cave |    863 |    863 |      0 |      0 |    572 |   1 |  863.0 |
               +--------+--------+--------+--------+--------+-----+--------+

Top non-repeatable levels by time:
 Snake:4: 2456 daAuts
Vaults:2: 2432 daAuts
   Zot:5: 2425 daAuts
Depths:4: 2358 daAuts
  Lair:1: 2299 daAuts
 Snake:2: 2153 daAuts
  Lair:2: 2151 daAuts
Vaults:5: 2128 daAuts
   Elf:3: 2101 daAuts
Vaults:4: 2082 daAuts
    D:13: 2080 daAuts
Vaults:1: 2070 daAuts
    D:15: 1793 daAuts
   Orc:2: 1787 daAuts
   Zot:1: 1737 daAuts
